[Event "SixDays Budapest January GM-A 2025"]
[Site "Budapest"]
[Date "2025.01.29"]
[Round "6.1"]
[White "Sedlak, Nikola"]
[Black "Girel, Joseph"]
[Result "1/2-1/2"]
[Annotator "TA"]
[ECO "A48"]
[WhiteElo "2456"]
[BlackElo "2490"]
[PlyCount "40"]
[EventDate "2025.01.24"]
[EventType "tourn"]
[EventCountry "HUN"]
[SourceTitle "playchess.com"]
[Source "ChessBase"]
[SourceQuality "1"]
[TimeControl "5400+30"]

1. d4 Nf6 2. Nf3 g6 3. c3 Bg7 4. Bf4 O-O 5. Nbd2 d6 6. e4 Nc6 7. Be2 {[%emt 0:04:23] A48: 1 d4 Nf6 2 Nf3 g6: Torre, London and Colle Systems.} Re8 8. h3 e5 9. dxe5 Nxe5 10. Nxe5 dxe5 11. Be3 b6 12. Qc2 Bb7 $146 (12... Qe7 13. a4 a5 14. O-O Rd8 15. Rfb1 Ne8 16. b4 Be6 17. Nb3 Nd6 18. Nd2 Qh4 {0-1 Demchenko,A (2641)-Jones,G (2670) ACP ChessBase KO blitz 2020 (4.3)}) 13. a4 a5 14. O-O Qe7 15. Rfe1 {[%emt 0:09:36] The position is equal.} Red8 16. Bg5 h6 17. Bh4 Qe6 18. Bf1 Rd7 (18... g5 $5 19. Bg3 $8 Nh5 $11) 19. Bb5 Rdd8 20. f3 Bf8 {[%emt 0:08:48] Not much happened in this game.   Weighted Error Value: White=0.04 (flawless) /Black=0.04 (flawless)   Inaccurate:     	---       	Black=1      OK:         	White=6     	Black=7} 1/2-1/2

[Event "SixDays Budapest January GM-A 2025"]
[Site "Budapest"]
[Date "2025.01.29"]
[Round "6.2"]
[White "Uskov, Artem"]
[Black "Muthaiah AL"]
[Result "1/2-1/2"]
[Annotator "TA"]
[ECO "B10"]
[WhiteElo "2440"]
[BlackElo "2474"]
[PlyCount "51"]
[EventDate "2025.01.24"]
[EventType "tourn"]
[EventCountry "HUN"]
[SourceTitle "playchess.com"]
[Source "ChessBase"]
[SourceQuality "1"]
[TimeControl "5400+30"]

1. e4 c6 2. Nf3 d5 3. d3 Bg4 4. h3 Bh5 5. Qe2 e6 6. g4 Bg6 7. h4 h5 8. Ne5 {[%emt 0:00:31] White wants to play Nxg6.} Ne7 9. Nxg6 Nxg6 10. gxh5 Nxh4 11. Qg4 $1 g5 12. hxg6 {[%emt 0:10:52] [#] Hoping for Bg5.} (12. Qxg5 $2 {too greedy.} Nf3+ 13. Ke2 Nxg5 $19) ({Worse is} 12. Bxg5 Qxg5 (12... Nf3+ 13. Qxf3 Qxg5 14. Nd2 $14) 13. Rxh4 Qc1+ 14. Qd1 Bb4+ (14... Qxb2 15. Nd2 $17) 15. Ke2 Qg5 $17 (15... Qxb2 16. Nd2 $19)) (12. f4 {is interesting.} Nd7 13. fxg5 Ne5 14. Qe2) 12... Nxg6 (12... Qf6 {feels hotter.} 13. gxf7+ Kxf7 14. Rh3 Nd7) 13. Rxh8 Nxh8 14. Nc3 Ng6 15. Bd2 Nd7 16. O-O-O dxe4 17. dxe4 Qh4 18. Qxh4 Nxh4 19. Be2 e5 20. Bg4 {[%emt 0:07:28] [#] Strongly threatening Bg5.} Nf6 21. Bh3 {[%emt 0:00:56] Threatens to win with Bg5. This pair of bishops is nice.} Ng6 22. Be3 Bb4 23. f3 Nf4 24. Bf5 Ke7 25. Bxf4 exf4 26. Ne2 {[%emt 0:02:26] Weighted Error Value: White=0.09 (flawless) /Black=0.10 (very precise) .  Inaccurate:     	White=3     	Black=4      OK:         	White=10    	Black=9      Best:        	White=1     	---        Strong:       	White=1     	---} 1/2-1/2

[Event "SixDays Budapest January GM-A 2025"]
[Site "Budapest"]
[Date "2025.01.29"]
[Round "6.3"]
[White "Karacsonyi, Gellert"]
[Black "Ramoutar, Alan-Safar"]
[Result "0-1"]
[Annotator "TA"]
[ECO "B14"]
[WhiteElo "2384"]
[BlackElo "2334"]
[PlyCount "78"]
[EventDate "2025.01.24"]
[EventType "tourn"]
[EventCountry "HUN"]
[SourceTitle "playchess.com"]
[Source "ChessBase"]
[SourceQuality "1"]
[TimeControl "5400+30"]

1. e4 c6 2. d4 d5 3. exd5 cxd5 4. c4 Nf6 5. Nc3 g6 6. Qb3 Bg7 7. cxd5 O-O 8. Be2 Na6 {[%emt 0:00:44] seems to push 8...Nbd7 aside.} 9. Bf3 b5 {[%emt 0:00:34] B14: Caro-Kann: Panov-Botvinnik Attack with 5...e6 and 5...g6.} 10. a3 Rb8 11. Bf4 Nc7 {[%emt 0:02:53] The position is equal.} 12. Nge2 Rb6 13. O-O Bb7 {[%emt 0:00:31] [#]} 14. d6 $1 exd6 15. Bxb7 Rxb7 16. h3 $146 (16. Rfd1 Re8 17. h3 Qd7 18. Rac1 a5 19. Bg5 b4 20. axb4 axb4 21. Bxf6 Bxf6 22. Ng3 {½-½ Perez Rodriguez,L (2316)-Martinez Duany,L (2462) CUB-ch 60th Holguin 2024 (1)}) 16... Qd7 17. Rac1 a5 18. Nd1 Nfd5 19. Bd2 b4 20. Qf3 Rfb8 21. Ne3 Nxe3 22. fxe3 bxa3 23. bxa3 a4 24. Nf4 (24. Bb4 $11) 24... Rb3 $15 25. Nd5 {[%emt 0:25:54] White is on the road to losing.} (25. Qc6 $15 Qxc6 26. Rxc6) 25... Nxd5 $19 26. Qxd5 Rxa3 {[%emt 0:01:48][%csl Oa4] Black has a strong passed pawn} 27. Qa5 {[%emt 0:08:41] [#]} Qe6 $1 28. Rc7 {[%emt 0:03:38] Strongly threatening Rcxf7.} Rf8 29. Qg5 (29. Qb4 $17 Ra2 30. Bc1) 29... Ra2 30. Bb4 Re2 31. Re7 {[%emt 0:00:24] [#]} (31. d5 {might work better.} Qe5 (31... Qxe3+ 32. Qxe3 Rxe3 33. Bxd6 $17) 32. Qxe5 Bxe5 33. Ra7) 31... Bh6 $1 32. Rxe6 (32. Qh4 Qd5) 32... Bxg5 33. Rxd6 Bxe3+ 34. Kh1 Rb8 35. Bc5 (35. Ba3 {was the only defense.} Ra8 36. Rf3) 35... f5 {[%emt 0:02:46] Hoping for ...Rbb2.} 36. Rd7 Rbb2 37. Ba3 Rb3 38. Ra1 f4 39. Re7 $2 {[%emt 0:01:56] [#]} (39. Rd8+ Kf7 40. Rd7+ Kf6 41. h4) 39... Ra2 $1 {[%emt 0:00:35][%mdl 512] Weighted Error Value: White=0.41/Black=0.09 (flawless)   Mistake:       	White=6     	---        Inaccurate:     	---       	Black=2      OK:         	White=8     	Black=14     Best:        	---       	Black=3      Strong:       	---       	Black=1      Brilliant:      	---       	Black=2} 0-1

[Event "SixDays Budapest January GM-A 2025"]
[Site "Budapest"]
[Date "2025.01.29"]
[Round "6.4"]
[White "Raahul V S"]
[Black "Kovalev, Andrei"]
[Result "1/2-1/2"]
[Annotator "TA"]
[ECO "C41"]
[WhiteElo "2382"]
[BlackElo "2413"]
[PlyCount "147"]
[EventDate "2025.01.24"]
[EventType "tourn"]
[EventCountry "HUN"]
[SourceTitle "playchess.com"]
[Source "ChessBase"]
[SourceQuality "1"]
[TimeControl "5400+30"]

1. d4 Nf6 2. Nc3 d6 3. e4 e5 4. Nf3 Nbd7 5. a4 g6 6. a5 {[%emt 0:02:44] C41: Philidor Defence.} ({Better is} 6. dxe5 $16 dxe5 7. Bc4) 6... Bg7 (6... exd4 $11 7. Nxd4 Nc5) 7. Bc4 (7. dxe5 $16 dxe5 8. Bc4) 7... O-O 8. O-O {[%emt 0:00:16] White is slightly better.} h6 $146 (8... c6 9. Re1 Qc7 10. h3 Rb8 11. Bb3 b5 12. axb6 axb6 13. d5 Nc5 14. dxc6 Nxb3 15. cxb3 Qxc6 {1-0 Rodriguez Basulto,R (2305)-Llorente Bello,E (2071) Guillermo Garcia Memorial op 2022 (6)}) 9. dxe5 Nxe5 10. Nxe5 dxe5 11. b3 c6 12. Ba3 Re8 13. Qxd8 Rxd8 14. Rfd1 Re8 15. Rd6 Be6 16. a6 b5 17. Bxe6 Rxe6 18. Rxe6 fxe6 19. Rd1 Kf7 {[%emt 0:04:36] Prevents Be7} 20. Bc5 Bf8 21. Be3 Ke8 22. f3 {[%emt 0:00:06] Prevents Ng4.} Nd7 23. Kf2 {[%emt 0:00:28] White is much more active.} Nc5 24. Ra1 Kd8 25. Ne2 Nd7 26. Nc1 Bc5 27. Nd3 Bd4 28. Rd1 Ke7 29. g3 ({Don't play} 29. Nb4 $6 Rc8 $16) 29... c5 30. c3 Bxe3+ 31. Kxe3 $11 {[%emt 0:00:02][%mdl 4096] Endgame KRN-KRN} Rc8 32. Ra1 Kd6 33. f4 exf4+ 34. gxf4 e5 35. Nxe5 Nxe5 $14 {[%emt 0:00:09] KRN-KR} 36. Rd1+ Ke6 {[%emt 0:00:50] The position is equal.} 37. fxe5 $11 {[%emt 0:00:02] KR-KR. White is a pawn up.} Rc6 {[%emt 0:01:45] Against Rd6+} 38. Rd5 g5 39. h4 gxh4 40. Kf4 h3 {[%emt 0:00:15][%cal Oh3h2] [#] and ...h2! would now be decisive} 41. Rd3 Rxa6 ({But not} 41... h2 $6 42. Rh3 Ke7 43. Rxh2 $14) 42. Rxh3 Kf7 43. Kf5 Rg6 44. Rd3 {[%emt 0:00:08] [#]} Rg5+ 45. Kf4 Rg1 46. Rd7+ Ke6 47. Rd6+ Ke7 48. Rc6 Rf1+ 49. Kg4 h5+ 50. Kxh5 Rf3 51. Rxc5 {[%emt 0:00:27][%cal Oh5g4] Black must now prevent Kg4!.} b4 $1 52. cxb4 Rxb3 53. Kg4 Ke6 54. Kf4 {[%emt 0:00:42] White wants to play Rc6+.} Rxb4 55. Rc6+ Kd7 56. Ra6 Rb6 57. Ra1 Ke6 58. Rh1 Rb2 59. Rh6+ Ke7 60. Ra6 Rf2+ 61. Ke3 Rf1 62. e6 Kf6 (62... Rf6 63. Rxa7+ Kxe6 64. Kd4) 63. e7+ Kxe7 64. Kd4 Rb1 65. Rxa7+ Ke6 66. Ra6+ Ke7 67. Rc6 Rb5 68. Ke3 Ra5 69. Kf4 Rb5 70. Ra6 Rc5 71. Ra4 Ke6 72. Ra8 Rb5 73. Re8+ Kf7 74. Re5 {[%emt 0:00:11] Weighted Error Value: White=0.10 (very precise) /Black=0.09 (flawless)   Mistake:       	White=1     	Black=1      Inaccurate:     	White=4     	Black=7      OK:         	White=25    	Black=36     Best:        	White=2     	Black=4      Strong:       	---       	Black=1} 1/2-1/2

[Event "SixDays Budapest January GM-A 2025"]
[Site "Budapest"]
[Date "2025.01.29"]
[Round "6.5"]
[White "Vanczak, Tamas"]
[Black "Vincenti, Leonardo"]
[Result "1-0"]
[Annotator "TA"]
[ECO "D30"]
[WhiteElo "2391"]
[BlackElo "2266"]
[PlyCount "73"]
[EventDate "2025.01.24"]
[EventType "tourn"]
[EventCountry "HUN"]
[SourceTitle "playchess.com"]
[Source "ChessBase"]
[SourceQuality "1"]
[TimeControl "5400+30"]

1. d4 d5 2. c4 e6 3. Nf3 Nf6 4. g3 Bb4+ 5. Bd2 Be7 6. Bg2 O-O 7. O-O c6 8. Qc2 Nbd7 9. Bf4 Ne4 {[%emt 0:00:07] 9...a5 is a critical line.} 10. Nc3 g5 {[%emt 0:02:29] [#] E08: Closed Catalan: Main Line: 7 Qc2.} 11. Bc1 f5 12. Ne1 Bf6 {[%emt 0:12:55] The position is equal.} 13. e3 b6 $146 (13... Qe7 14. Nd3 b6 15. b3 Bb7 16. Bb2 Qg7 17. Rac1 Rac8 18. Ne2 c5 19. Rfd1 Rfe8 20. dxc5 bxc5 21. Bxf6 Qxf6 22. Qb2 Qxb2 {½-½ Sviridov,V (2504)-Banusz,T (2616) EU-ch 18th Minsk 2017 (5)}) 14. b3 Bb7 15. Bb2 Qe7 16. a4 Nxc3 17. Qxc3 Qg7 18. a5 c5 19. Nd3 (19. cxd5 $16 Bxd5 20. Bxd5 exd5 21. axb6) 19... cxd4 $1 $11 20. exd4 Nc5 21. a6 Nxa6 22. Ne5 ({White should play} 22. Rfe1 $11) 22... Bxe5 $1 $15 23. dxe5 Rac8 (23... Rfc8 $15) 24. Ba3 $11 {[%emt 0:09:44] This pair of bishops is nice.} Rfd8 25. Rfd1 dxc4 {[%emt 0:07:56] ...Bxg2 would now be deadly.} 26. Rxd8+ Rxd8 27. Bxb7 Qxb7 28. Qxc4 Rd5 (28... Kf7 {is interesting.} 29. g4 f4 30. h4 b5) 29. Bd6 (29. h4 $11) 29... Nc5 $15 30. h4 Ne4 31. hxg5 Nxg5 (31... Nxd6 $6 32. exd6 Rxd6 33. Qa4 $11) (31... Kf7 {simplifies} 32. Qc7+ Qxc7 33. Bxc7 Nc3) 32. Qe2 {[%emt 0:04:16] [#]} Rd2 33. Qh5 $1 $11 Nf7 $2 (33... Nf3+ $11 {and Black is okay.} 34. Kf1 Qa8) 34. Rc1 $40 {[%emt 0:00:31][%mdl 128] Black must now prevent Rc7. White is out for blood.} Qd7 (34... Rxd6 35. exd6 Nxd6 36. Qg5+ Kf7) 35. Rc7 Qe8 36. Rxf7 Rxd6 (36... Qxf7 $18 37. Qg5+ Qg7 38. Qxd2 h6) 37. Qxh7# {[%emt 0:00:05] Weighted Error Value: White=0.29 (precise) /Black=0.70  Loses game:     	---       	Black=1      Mistake:       	White=3     	Black=3      Inaccurate:     	White=4     	Black=4      OK:         	White=7     	Black=4      Best:        	White=3     	Black=2      Strong:       	White=1     	Black=2} 1-0